 Dungeon Crawl Stone Soup version 0.22.1-5-g62c59d9 (webtiles) character file.

191405 Mrkaede the Warrior (level 17, -2/158 HPs)
             Began as a Minotaur Berserker on Jan 4, 2019.
             Was a High Priest of Trog.
             Killed from afar by a merfolk aquamancer (29 damage)
             ... with a torrent of water
             ... on level 4 of the Shoals on Jan 12, 2019.
             The game lasted 02:07:17 (34462 turns).

Mrkaede the Warrior (Minotaur Berserker)           Turns: 34462, Time: 02:07:18

Health: -2/158     AC: 35    Str: 28    XL:     17   Next: 57%
Magic:  21/21      EV: 19    Int: 10    God:    Trog [*****.]
Gold:   371        SH: 18    Dex: 16    Spells: 16/16 levels left

rFire    . . .     SeeInvis .   u - +5 falchion of Drought {venom, Fragile +Inv Int+6}
rCold    . . .     Gourm    .   x - +0 shield
rNeg     . . .     Faith    .   U - +4 crystal plate armour
rPois    .         Spirit   .   (helmet restricted)
rElec    .         Reflect  +   v - +0 cloak
rCorr    .         Harm     .   h - +1 pair of gloves {Dex+3}
MR       ++...                  Q - +1 pair of boots
Stlth    ..........             k - +3 amulet of reflection
HPRegen  0.36/turn              C - ring of protection from magic
MPRegen  0.17/turn              r - +5 ring of evasion

@: no status effects
A: retaliatory headbutt, claws 1, horns 2, strong 1
}: 1/15 runes: gossamer
a: Berserk, Trog's Hand, Brothers in Arms, Renounce Religion, Evoke Invisibility


You were on level 4 of the Shoals.
You worshipped Trog.
Trog was extremely pleased with you.
You were not hungry.

You visited 5 branches of the dungeon, and saw 28 of its levels.
You also visited: Ice Cave.

You collected 2382 gold pieces.
You spent 2011 gold pieces at shops.

Inventory:

Hand Weapons
 b - a +5 antimagic double sword
 j - a +4 antimagic long sword
 u - the +5 falchion of Drought (weapon) {venom, Fragile +Inv Int+6}
   (You found it on level 1 of the Shoals)

   It poisons the flesh of those it strikes.
   It affects your intelligence (+6).
   It lets you turn invisible.
   It will be destroyed if unequipped.
Missiles
 y - 21 javelins (quivered)
 B - 12 tomahawks of returning
 K - 6 poisoned tomahawks
 L - 2 steel javelins
 P - 9 javelins of penetration
 R - 7 javelins of returning
Armour
 h - a +1 pair of gloves of dexterity (worn)
 v - a +0 cloak (worn)
 x - a +0 shield (worn)
 J - a +0 large shield
 Q - a +1 pair of boots (worn)
 U - a +4 crystal plate armour (worn)
Jewellery
 k - a +3 amulet of reflection (around neck)
 l - a +6 ring of dexterity
 r - a +5 ring of evasion (right hand)
 C - a ring of protection from magic (left hand)
 Y - an uncursed ring of resist corrosion
Wands
 i - a wand of clouds (4)
 o - a wand of disintegration (11)
 s - a wand of acid (7)
 A - a wand of scattershot (3)
 M - a wand of iceblast (24)
 O - a wand of paralysis (14)
 Z - a wand of digging (15)
Scrolls
 a - 6 scrolls of remove curse
 e - 9 scrolls of teleportation
 n - a scroll of holy word
 p - a scroll of enchant weapon
 D - 2 scrolls of fog
 F - a scroll of summoning
Potions
 d - 2 potions of mutation
 f - 6 potions of invisibility
 g - 5 potions of curing
 q - 4 potions of ambrosia
 t - 5 potions of cancellation
 z - 2 potions of haste
 H - a potion of magic
 W - 2 potions of might
Comestibles
 c - 16 rations
 m - 2 chunks of flesh


   Skills:
 * Level 16.2 Fighting
 - Level 16.0 Long Blades
 + Level 9.8 Throwing
 * Level 15.8 Armour
 * Level 14.8 Dodging
 * Level 15.1 Shields
 - Level 7.1 Evocations


You had 16 spell levels left.
You didn't know any spells.
Your spell library was empty.

Dungeon Overview and Level Annotations

Branches:
Dungeon (14/15)            Temple (0/1) D:6            Lair (4/6) D:11
 Shoals (4/4) Lair:2       Spider (4/4) Lair:4          Orc (2/2) D:11
    Elf (0/3) Orc:2        Vaults (0/5) D:14

Altars:
Cheibriados
Elyvilon
Fedhas
Gozag
Kikubaaqudgha
Makhleb
Nemelex Xobeh
Okawaru
Qazlal
Trog
Uskayaw
Vehumet
Yredelemnul
Zin
The Shining One

Shops:
D:6 *   D:10 [![   Orc:1 }*   Orc:2 =*%!%   Shoals:2 *   Shoals:3 =
Shoals:4 =

Annotations:
D:10 1 transporter
Lair:4 exclusion: 5 oklob plants


Innate Abilities, Weirdness & Mutations

You reflexively headbutt those who attack you in melee.
You have a pair of horns on your head.
You have sharp fingernails.
Your muscles are strong. (Str +2)


Message History

A merfolk aquamancer comes into view. It is wielding a rapier of speed.
You recover from your berserk rage.
The merfolk aquamancer shouts!
You block the merfolk's attack.
Splash!
You fall into the shallow water.
Moving in this stuff is going to be slow.
Items here: ( ))) a vampiric spear; a glowing hunting sling; 17 stones; a trident You block the merfolk's attack.
Things that are here:
an uncursed quarterstaff; an uncursed hunting sling; 9 sling bullets A snapping turtle comes into view.
The snapping turtle hisses angrily.
You block the merfolk's attack.
The merfolk aquamancer hits you but does no damage.
You see here a tomahawk.
The merfolk aquamancer gestures at you while chanting.
The torrent of water hits you!
You die...

≈≈≈#P......##PP≈≈PP≈≈≈≈≈≈≈≈≈≈≈≈≈≈
≈≈≈PP≈..:...PP≈≈≈≈≈≈≈≈≈≈≈≈≈≈≈≈≈..
≈≈P##......P#(≈≈≈≈≈≈≈≈≈≈≈≈..≈≈..
≈ #P......P#(≈≈≈≈≈≈≈≈≈.........
≈≈#P##...HP..)).(...≈≈≈≈....###
≈≈..PPP....t.).#.)≈≈≈≈≈≈≈≈....†
≈≈≈≈≈P.#..≈≈≈.m##..≈..≈≈........
≈≈≈≈≈≈≈≈≈≈≈≈≈≈≈m(................
≈≈≈≈≈≈≈≈≈≈≈≈≈≈≈≈@.....≈..........
≈≈≈≈≈≈≈≈≈≈≈..≈≈(###..(...........
≈≈≈≈≈≈≈≈≈≈≈...≈..##....).....)(..
≈≈≈≈≈≈≈≈≈....t..≈≈.............
≈≈≈≈≈≈≈≈..≈.<...≈≈........∩...
≈≈≈≈≈..≈....≈≈≈...........
≈≈≈≈≈≈≈≈....≈≈≈........PP≈
≈≈≈≈≈≈≈≈..$≈≈≈≈......P.PPP
≈≈≈≈≈≈≈≈≈≈≈≈≈≈≈≈≈≈.....P≈P


You could see a merfolk aquamancer, 2 snapping turtles, a merfolk and a
manticore.

Vanquished Creatures
  3 krakens (Shoals:1)
  Polyphemus (Shoals:2)
  Agnes (Spider:4)
  Ilsuiw (Shoals:2)
  Roxanne (Shoals:2)
  4 ghost moths
  5 emperor scorpions (Spider:4)
  An orc warlord (D:11)
  Louise (Spider:4)
  2 very ugly things (IceCv)
  A spark wasp (Spider:2)
  3 merfolk javelineers
  Josephine (Shoals:1)
  9 merfolk impalers
  A hydra (D:14)
  A vault guard (D:14)
  An ice dragon (Shoals:3)
  A catoblepas (Shoals:2)
  A centaur warrior (D:14)
  5 merfolk aquamancers
  2 merfolk avatars
  The ghost of bmj180 the Grappler, a novice TrMo of Fedhas (D:8)
  The ghost of bmj180 the Grappler, a novice TrMo of Fedhas (D:8)
  An alligator snapping turtle (Shoals:2)
  A satyr (Shoals:3)
  5 death yaks
  2 two-headed ogres
  4 orc high priests
  A skeletal warrior (D:11)
  5 sea snakes
  4 unseen horrors
  The ghost of poxu the Digger, a novice FoEE of Cheibriados (D:8)
  8 orc knights
  6 orc sorcerers
  2 deep elf magi
  23 wolf spiders
  5 fauns
  23 harpies
  13 manticores
  6 ugly things
  18 orb spiders
  2 moths of wrath (Spider:3)
  3 cyclopes
  8 merfolk sirens
  A guardian serpent (shapeshifter) (D:14)
  10 elephants (Lair:3)
  6 water nymphs
  A black mamba (Lair:3)
  An ice statue (IceCv)
  A gargoyle (D:12)
  A spiny frog (Lair:4)
  2 torpor snails
  2 rime drakes
  A yaktaur (D:11)
  A golden dragon simulacrum (IceCv)
  A komodo dragon (D:13)
  15 merfolk
  An anaconda simulacrum (IceCv)
  18 demonic crawlers
  25 jumping spiders
  2 meliai (shapeshifter) (D:14)
  8 trolls
  6 polar bears
  3 wind drakes
  9 hornets
  8 dream sheep
  6 hippogriffs
  8 snapping turtles
  42 redbacks
  A spriggan (shapeshifter) (D:11)
  3 shadows
  7 wyverns
  2 dire elephant simulacra (IceCv)
  23 yaks
  26 tarantellas
  13 water elementals
  5 wraiths (Shoals:1)
  A steam dragon (D:7)
  A basilisk (Lair:1)
  2 hungry ghosts
  8 vampire mosquitoes
  3 harpy simulacra (IceCv)
  3 wargs
  2 hydra simulacra (IceCv)
  2 acid dragons
  3 soldier ants (D:11)
  6 porcupines
  7 water moccasins
  27 orc warriors
  A phantom (D:10)
  4 sky beasts
  A hornet zombie (D:7)
  12 ice beasts
  9 ogres
  An eye of draining (D:11)
  4 necrophages
  7 wolves
  7 centaurs
  8 crocodiles
  4 big kobolds
  15 bullfrogs
  A water moccasin zombie (D:6)
  10 scorpions
  10 killer bees
  17 wights
  6 electric eels
  A bullfrog zombie (D:11)
  5 howler monkeys
  5 crimson imps
  3 centaur zombies
  9 hounds
  16 orc priests
  2 centaur skeletons
  5 jellies
  2 bullfrog skeletons
  5 iguanas
  18 orc wizards
  16 worker ants
  A hound skeleton (D:5)
  Robin (D:2)
  3 worker ant zombies
  4 gnolls (D:6)
  20 adders
  3 shadow imps
  An ooze (D:3)
  3 adder zombies
  An adder skeleton (D:9)
  2 worms
  2 dart slugs (D:1)
  7 leopard geckos
  57 orcs
  A giant cockroach (D:6)
  19 goblins
  8 hobgoblins
  16 jackals
  12 kobolds
  2 quokkas
  2 ball pythons
  3 bats
  12 frilled lizards
  A jackal zombie (D:6)
  A leopard gecko skeleton (D:4)
  A leopard gecko zombie (D:5)
  A quokka skeleton (D:3)
  A quokka zombie (D:6)
  7 rats
  A spectral orc (D:5)
  A plant (Shoals:4)
  7 tentacles (Shoals:1)
918 creatures vanquished.

Vanquished Creatures (collateral kills)
  Frances (Shoals:1)
  An emperor scorpion (Spider:4)
  A harpy (Shoals:1)
  3 wolf spiders
  A redback (Spider:2)
  2 ogres (Orc:2)
  An orc wizard (Orc:2)
  An orc priest (Orc:2)
  6 orcs (Orc:2)
17 creatures vanquished.

Vanquished Creatures (others)
  An orb spider (Spider:2)
  A cyclops (Shoals:4)
  A faun (Shoals:4)
  A tarantella (Spider:2)
  A water elemental (Shoals:4)
  A quokka (D:9)
  A fungus (Lair:3)
  32 plants
  22 tentacles (Shoals:1)
  3 withered plants (D:8)
64 creatures vanquished.

Grand Total: 999 creatures vanquished

Notes
Turn   | Place    | Note
-------+----------+-------------------------------------------
     0 | D:1      | Mrkaede the Minotaur Berserker began the quest for the Orb.
     0 | D:1      | Reached XP level 1. HP: 19/19 MP: 0/0
   117 | D:1      | Reached XP level 2. HP: 27/27 MP: 1/1
   526 | D:1      | Reached XP level 3. HP: 33/33 MP: 2/2
   891 | D:2      | Reached ** piety under Trog
  1103 | D:2      | Found a glowing silver altar of Zin.
  1148 | D:2      | Reached XP level 4. HP: 19/41 MP: 3/3
  1613 | D:2      | Noticed Robin
  1621 | D:2      | Killed Robin
  1908 | D:2      | Found an iron altar of Okawaru.
  2171 | D:3      | Reached XP level 5. HP: 47/47 MP: 4/4
  2197 | D:3      | Reached skill level 5 in Fighting
  2710 | D:4      | Reached skill level 1 in Throwing
  2903 | D:4      | Reached skill level 5 in Long Blades
  2938 | D:4      | Noticed an ice beast
  2953 | D:4      | Reached XP level 6. HP: 47/56 MP: 5/5
  2955 | D:4      | Killed an ice beast
  3264 | D:5      | Entered Level 5 of the Dungeon
  3274 | D:5      | Gained mutation: Scrolls take you a little longer to read.
                  | [potion of mutation]
  3274 | D:5      | Gained mutation: You are agile. (Dex +2) [potion of
                  | mutation]
  3275 | D:5      | Lost mutation: You are agile. (Dex +2) [potion of mutation]
  3275 | D:5      | Lost mutation: Scrolls take you a little longer to read.
                  | [potion of mutation]
  3275 | D:5      | Gained mutation: Your magical capacity is low. (-10% MP)
                  | [potion of mutation]
  3275 | D:5      | Gained mutation: You are occasionally teleported next to
                  | monsters. [potion of mutation]
  3275 | D:5      | Gained mutation: You are agile. (Dex +2) [potion of
                  | mutation]
  3276 | D:5      | Lost mutation: Your magical capacity is low. (-10% MP)
                  | [potion of mutation]
  3276 | D:5      | Lost mutation: You are occasionally teleported next to
                  | monsters. [potion of mutation]
  3276 | D:5      | Gained mutation: You are very agile. (Dex +4) [potion of
                  | mutation]
  3276 | D:5      | Gained mutation: You are dopey. (Int -2) [potion of
                  | mutation]
  3276 | D:5      | Gained mutation: Your spells are a little harder to cast,
                  | but a little more powerful. [potion of mutation]
  3283 | D:5      | Reached *** piety under Trog
  3332 | D:5      | Reached XP level 7. HP: 44/62 MP: 6/6
  3619 | D:5      | Reached skill level 5 in Armour
  3861 | D:5      | Reached skill level 5 in Dodging
  4084 | D:5      | Found a basalt altar of Yredelemnul.
  4560 | D:6      | Reached XP level 8. HP: 71/71 MP: 7/7
  4656 | D:6      | Reached skill level 1 in Shields
  4696 | D:6      | Found a glowing golden altar of the Shining One.
  4748 | D:6      | Reached **** piety under Trog
  5054 | D:6      | Found a staircase to the Ecumenical Temple.
  5057 | D:6      | Found Weriem's General Store.
  5858 | D:7      | Reached XP level 9. HP: 71/79 MP: 8/8
  5896 | D:7      | Noticed a hand axe
  5896 | D:7      | Noticed a hand axe
  5901 | D:7      | Found a hide-covered altar of Uskayaw.
  6146 | D:7      | Found a bloodstained altar of Trog.
  6296 | D:7      | Received a gift from Trog
  6771 | D:8      | Found a snail-covered altar of Cheibriados.
  6838 | D:8      | Found an opulent altar of Gozag.
  6914 | D:8      | Found a runed gate.
  6914 | D:8      | Found a runed gate.
  6914 | D:8      | Found a runed gate.
  6920 | D:8      | Noticed poxu's ghost (novice FoEE)
  6921 | D:8      | Noticed bmj180's ghost (novice TrMo)
  6922 | D:8      | Noticed bmj180's ghost (novice TrMo)
  7356 | D:8      | Found an ancient bone altar of Kikubaaqudgha.
  7624 | D:9      | Found a burning altar of Makhleb.
  7637 | D:9      | Reached skill level 5 in Shields
  7689 | D:9      | Received a gift from Trog
  7974 | D:9      | Found a stormy altar of Qazlal.
  7976 | D:9      | Found a blossoming altar of Fedhas.
  8046 | D:9      | Found a white marble altar of Elyvilon.
  8092 | D:9      | Reached XP level 10. HP: 71/90 MP: 9/9
  8532 | D:9      | Reached skill level 10 in Fighting
  8532 | D:9      | Reached skill level 10 in Long Blades
  8532 | D:9      | Reached skill level 5 in Throwing
  8532 | D:9      | Reached XP level 11. HP: 100/100 MP: 10/10
  9013 | D:10     | Entered Level 10 of the Dungeon
  9019 | D:10     | Found Ylapen's Antique Armour Shop.
  9123 | D:10     | Bought a pair of boots for 148 gold pieces
  9225 | D:10     | Found a sparkling altar of Nemelex Xobeh.
  9225 | D:10     | Found a transporter.
  9225 | D:10     | Noticed a fire giant
  9226 | D:10     | Noticed a death knight
  9346 | D:10     | Found Siypeann's Distillery.
  9359 | D:10     | Bought a potion of heal wounds for 55 gold pieces
  9373 | D:10     | Found Caunt's Armour Boutique.
  9377 | D:10     | Bought a +1 pair of gloves for 161 gold pieces
  9451 | D:10     | Reached ***** piety under Trog
  9893 | D:8      | Killed bmj180's ghost
  9896 | D:8      | Killed poxu's ghost
  9896 | D:8      | Reached skill level 10 in Armour
  9904 | D:8      | Killed bmj180's ghost
 10023 | D:11     | Received a gift from Trog
 10045 | D:11     | Got a twisted broad axe {god gift}
 10434 | D:11     | Found a staircase to the Orcish Mines.
 10774 | D:11     | Noticed an orc warlord
 10783 | D:11     | Killed an orc warlord
 10783 | D:11     | Reached XP level 12. HP: 76/110 MP: 11/11
 11414 | D:11     | Found a staircase to the Lair.
 11586 | D:11     | Reached skill level 10 in Dodging
 11940 | D:11     | Upgraded the game from 0.22.1-2-g9c5b331 to
                  | 0.22.1-5-g62c59d9
 11955 | D:11     | Noticed a two-headed ogre
 11969 | D:11     | Killed a two-headed ogre
 12787 | D:12     | Got a pair of polished gloves
 12817 | D:12     | Identified the +0 pair of gloves of the Tarantula {rElec}
                  | (You found it on level 12 of the Dungeon)
 12915 | D:12     | Reached skill level 10 in Shields
 12943 | D:12     | Received a gift from Trog
 12991 | D:12     | Identified a scroll of acquirement
 13782 | D:13     | Reached XP level 13. HP: 72/118 MP: 4/12
 14203 | Lair:1   | Entered Level 1 of the Lair of Beasts
 14474 | Lair:1   | You fall through a shaft!
 14474 | Lair:2   | Found a staircase to the Shoals.
 14770 | Lair:2   | Lost mutation: You are very agile. (Dex +4) [potion of
                  | mutation]
 14770 | Lair:2   | Lost mutation: Your spells are a little harder to cast, but
                  | a little more powerful. [potion of mutation]
 14770 | Lair:2   | Gained mutation: You tend to lose your temper in combat.
                  | [potion of mutation]
 14770 | Lair:2   | Gained mutation: You expend magic power (3 MP) to
                  | strengthen your wands. [potion of mutation]
 14771 | Lair:2   | Lost mutation: You expend magic power (3 MP) to strengthen
                  | your wands. [potion of mutation]
 14771 | Lair:2   | Lost mutation: You are dopey. (Int -2) [potion of mutation]
 14771 | Lair:2   | Lost mutation: You are agile. (Dex +2) [potion of mutation]
 14771 | Lair:2   | Lost mutation: You tend to lose your temper in combat.
                  | [potion of mutation]
 14771 | Lair:2   | Gained mutation: Your muscles are strong. (Str +2) [potion
                  | of mutation]
 14771 | Lair:2   | Gained mutation: You have sharp fingernails. [potion of
                  | mutation]
 15173 | Lair:1   | Found a radiant altar of Vehumet.
 16707 | Lair:4   | Received a gift from Trog
 17007 | Lair:4   | Found a hole to the Spider Nest.
 17464 | Orc:1    | Entered Level 1 of the Orcish Mines
 17614 | Orc:1    | Found Othoasun's Assorted Antiques.
 17656 | Orc:1    | Found Dikkossu's Gadget Shop.
 18129 | Orc:2    | Entered Level 2 of the Orcish Mines
 18129 | Orc:2    | Found a staircase to the Elven Halls.
 18468 | Orc:2    | Received a gift from Trog
 18577 | Orc:2    | Reached skill level 1 in Evocations
 18597 | Orc:2    | Reached XP level 14. HP: 63/129 MP: 4/13
 19006 | Orc:2    | Received a gift from Trog
 19014 | Orc:2    | Found Luhicig's Jewellery Boutique.
 19953 | Orc:2    | Found Piemot's Food Shop.
 19953 | Orc:2    | Found Obed's Distillery.
 19955 | Orc:2    | Found Manihal's Food Shop.
 19955 | Orc:2    | Found Begi's General Store.
 20462 | D:14     | Found a gate to the Vaults.
 21655 | Spider:1 | Entered Level 1 of the Spider Nest
 21827 | D:10     | Bought a +2 crystal plate armour for 1288 gold pieces
 22586 | Spider:1 | Received a gift from Trog
 23769 | Spider:2 | Received a gift from Trog
 24058 | Spider:2 | Received a gift from Trog
 24220 | Spider:3 | Reached XP level 15. HP: 138/138 MP: 5/17
 25450 | Spider:3 | Received a gift from Trog
 25666 | Spider:3 | Killed a ghost moth
 25666 | Spider:3 | Reached skill level 5 in Evocations
 25910 | Spider:4 | Entered Level 4 of the Spider Nest
 25911 | Spider:4 | Noticed Agnes
 25929 | Spider:4 | Killed Agnes
 25932 | Spider:4 | Reached ****** piety under Trog
 25932 | Spider:4 | Received a gift from Trog
 25933 | Spider:4 | Noticed Louise
 25957 | Spider:4 | Killed Louise
 26015 | Spider:4 | Got a sparkling sapphire amulet
 26017 | Spider:4 | Identified the amulet of Qiufa {+Rage Slay+2} (You found it
                  | on level 4 of the Spider Nest)
 27098 | Spider:4 | Killed a ghost moth
 27438 | Spider:4 | Killed a ghost moth
 27438 | Spider:4 | Reached XP level 16. HP: 95/147 MP: 1/19
 28038 | Spider:4 | Got a gossamer rune of Zot
 28279 | Shoals:1 | Entered Level 1 of the Shoals
 28496 | Shoals:1 | Noticed a kraken
 28508 | Shoals:1 | Reached skill level 15 in Fighting
 28508 | Shoals:1 | Noticed Frances
 28521 | Shoals:1 | Killed a kraken
 28533 | Shoals:1 | Killed Frances
 28533 | Shoals:1 | Reached skill level 15 in Long Blades
 28765 | Shoals:1 | Noticed Josephine
 28771 | Shoals:1 | Killed Josephine
 28793 | Shoals:1 | Got a shimmering falchion
 28807 | Shoals:1 | Identified the +5 falchion of Drought {venom, Fragile +Inv
                  | Int+6} (You found it on level 1 of the Shoals)
 28887 | Shoals:1 | Noticed a kraken
 28905 | Shoals:1 | Killed a kraken
 29099 | Shoals:1 | Noticed a kraken
 29129 | Shoals:1 | Killed a kraken
 29742 | Shoals:2 | Noticed Polyphemus
 30072 | Shoals:2 | Killed Polyphemus
 30214 | Shoals:2 | Received a gift from Trog
 30437 | Shoals:2 | Reached skill level 15 in Armour
 30527 | Shoals:2 | Found Rucrir's Assorted Antiques.
 30530 | Shoals:2 | Bought a potion of heal wounds for 140 gold pieces
 30566 | Shoals:2 | Noticed Ilsuiw
 30597 | Shoals:2 | Received a gift from Trog
 31298 | Shoals:2 | Noticed Roxanne
 31355 | Shoals:2 | Killed Roxanne
 31356 | Shoals:2 | Identified Roxanne's Guide on Shape Shifting (You took it
                  | off Roxanne on level 2 of the Shoals)
 31530 | Shoals:1 | Received a gift from Trog
 31839 | Shoals:2 | Killed Ilsuiw
 31839 | Shoals:2 | Reached XP level 17. HP: 153/156 MP: 21/21
 32060 | Shoals:3 | Found Ucviesm's Jewellery Shoppe.
 32121 | Shoals:3 | HP: 6/157 [drowned by a drowned soul[a merfolk avatar]
                  | (13)]
 32138 | Shoals:3 | HP: 7/235 [drowned by a water nymph (10)]
 32356 | Shoals:3 | Found a frozen archway.
 32363 | IceCv    | Entered an ice cave
 32373 | IceCv    | Received a gift from Trog
 33560 | Shoals:3 | Bought a +3 amulet of reflection for 219 gold pieces
 33973 | Shoals:4 | Entered Level 4 of the Shoals
 34215 | Shoals:4 | Found Yrithu's Jewellery Shoppe.
 34366 | Shoals:4 | Reached skill level 15 in Shields
 34404 | Shoals:4 | Received a gift from Trog
 34462 | Shoals:4 | Killed from afar by a merfolk aquamancer

Skill      XL: |  1  2  3  4  5  6  7  8  9 10 11 12 13 14 15 16 17 |
---------------+----------------------------------------------------+-----
Fighting       | 4 5 6 7 8 10 11 12 13 14 15 16 | 16.2
Long Blades    | 4 5 6 7 8 10 11 12 13 14 15 16 | 16.0
Armour         | 3 4 5 6 7 9 10 11 12 13 14 15 | 15.8
Dodging        | 3 4 5 6 7 8 9 10 11 12 13 14 | 14.8
Throwing       | 1 2 3 4 5 6 7 8 9 |  9.8
Shields        | 3 5 7 9 10 11 12 13 14 15 | 15.1
Evocations     | 1 4 5 7 |  7.1

Action                   |  1- 3 |  4- 6 |  7- 9 | 10-12 | 13-15 | 16-18 || total
-------------------------+-------+-------+-------+-------+-------+-------++-------
Melee: Falchion          |    71 |    52 |       |    22 |       |   841 ||   986
       Headbutt          |    13 |    17 |    79 |   190 |   419 |   417 ||  1135
       Great sword       |       |    46 |    39 |       |       |       ||    85
       Scimitar          |       |       |    32 |       |       |       ||    32
       Long sword        |       |       |   224 |   408 |       |       ||   632
       Double sword      |       |       |       |    79 |  1039 |   147 ||  1265
Throw: Tomahawk          |       |       |       |     7 |     4 |    12 ||    23
       Javelin           |       |       |       |     2 |    35 |    24 ||    61
Invok: Berserk           |     2 |     1 |     5 |     8 |    13 |    10 ||    39
       Trog's Hand       |       |       |     1 |     1 |     5 |     5 ||    12
       Brothers in Arms  |       |       |       |       |     4 |     2 ||     6
Evoke: Wand              |       |       |       |       |     6 |     7 ||    13
  Use: Scroll            |       |     7 |     9 |    14 |    12 |    10 ||    52
       Potion            |       |     3 |       |     6 |    18 |    16 ||    43
 Stab: Distracted        |       |       |       |       |     1 |     1 ||     2
       Invisible         |       |       |       |       |       |    10 ||    10
       Petrified         |       |       |       |       |       |     2 ||     2
       Petrifying        |       |       |       |       |       |     1 ||     1
  Eat: Chunk             |     2 |     8 |    14 |    18 |    20 |    11 ||    73
       Ration            |       |       |     2 |     3 |    12 |     7 ||    24
Armor: Animal skin       |    12 |    11 |       |       |       |       ||    23
       Ring mail         |       |    17 |       |       |       |       ||    17
       Scale mail        |       |     2 |    51 |   117 |    94 |       ||   264
       Plate armour      |       |       |    61 |       |       |       ||    61
       Crystal plate arm |       |       |       |       |   496 |   517 ||  1013
Dodge: Dodged            |    50 |    60 |   159 |   249 |   829 |   660 ||  2007
Block: Shield            |       |       |   119 |   269 |   988 |   856 ||  2232
       Reflection        |       |       |       |       |       |    30 ||    30
       Rpst.: Falchion   |    13 |     8 |       |     4 |       |   102 ||   127
       Great sword       |       |     8 |     5 |       |       |       ||    13
       Long sword        |       |       |    19 |    55 |       |       ||    74
       Scimitar          |       |       |     1 |       |       |       ||     1
       Double sword      |       |       |       |     6 |   125 |    26 ||   157
